Map: Deathaura LE

Players

Reynor - Winner!

  • Race: Zerg Zerg
  • Spawn Location: 5:00

Serral

  • Race: Zerg Zerg
  • Spawn Location: 11:00

Event: StayAtHomestory Cup #2

VOD

Have the link to the VOD?

Description

Time

  • Played on: June 12, 2020, 12:52 p.m.
  • Length: 12:53

All games in this series

Show
View Real Time Build Order
Export as new Build Order

Reynor Zerg - Winner!

Build Orders: Hatch First 

Get SALT Encoding   

  12  0:00  Drone  
  13  0:12  Overlord  
  13  0:16  Drone  
  14  0:30  Drone x2  
  16  0:47  Hatchery  
  15  0:50  Drone  
  15  0:53  Drone  
  17  1:07  Spawning Pool  
  17  1:10  Drone  
  17  1:14  Drone  
  17  1:16  Extractor  
  17  1:19  Drone  
  18  1:27  Drone  
  19  1:39  Drone  
  20  1:48  Overlord  
  20  1:54  Queen  
  20  1:59  Queen, Drone x2  
  26  2:10  Drone x2  
  28  2:20  Drone  
  28  2:21  Drone  
  30  2:30  Queen  
  30  2:32  Drone x2  
  34  2:39  Lair  
  34  2:45  Overlord  
  34  2:47  Drone  
  34  2:51  Evolution Chamber  
  34  2:53  Drone x2  
  36  3:03  Drone x2  
  36  3:04  Drone x2  
  40  3:08  Overlord  
  40  3:10  Drone x2  
  40  3:12  Drone, Roach Warren  
  42  3:15  Extractor  
  42  3:16  Zerg Missile Weapons Level 1  
  42  3:18  Drone  
  42  3:21  Drone  
  43  3:27  Extractor  
  43  3:28  Drone  
  43  3:30  Extractor, Drone  
  43  3:39  Drone  
  43  3:40  Drone  
  45  3:41  Overlord  
  45  3:42  Drone x2  
  45  3:43  Drone x2  
  45  3:44  Drone  
  50  3:51  Drone  
  50  3:52  Drone  
  52  3:57  Spire  
  52  4:02  Drone  
  52  4:07  Glial Reconstitution  
  52  4:11  Hatchery  
  52  4:12  Overseer  
  52  4:15  Overlord  
  51  4:21  Overlord  
  51  4:23  Drone x4  
  55  4:26  Drone x2  
  55  4:27  Drone  
  55  4:30  Roach  
  60  4:37  Overlord  
  60  4:41  Roach x3  
  66  4:46  Overlord  
  66  4:51  Drone  
  66  4:52  Drone  
  68  4:56  Drone x3  
  71  5:02  Overlord  
  71  5:09  Mutalisk  
  71  5:13  Mutalisk x3  
  79  5:14  Mutalisk  
  79  5:15  Mutalisk  
  79  5:17  Drone  
  79  5:20  Extractor  
  79  5:21  Overlord  
  83  5:22  Drone  
  83  5:23  Drone  
  83  5:24  Extractor  
  83  5:26  Drone  
  85  5:30  Zerg Missile Weapons Level 2  
  85  5:31  Evolution Chamber, Drone  
  85  5:35  Drone  
  86  5:38  Drone  
  86  5:42  Pneumatized Carapace  
  87  5:44  Roach x2  
  87  5:45  Drone x3  
  87  5:49  Overlord  
  94  5:58  Zerg Ground Armor Level 1  
  94  5:59  Drone x3  
  97  6:06  Overlord, Hatchery  
  97  6:11  Roach x3  
  102  6:12  Overlord  
  102  6:16  Roach x2  
  106  6:20  Overlord  
  106  6:23  Overlord  
  106  6:26  Overlord  
  106  6:34  Roach x4  
  106  6:35  Overlord  
  106  6:37  Overseer  
  114  6:41  Roach x5  
  114  6:44  Roach x2  
  128  6:47  Drone  
  128  6:52  Roach x2  
  133  6:58  Roach x6  
  145  7:05  Overlord  
  145  7:08  Overlord  
  145  7:13  Ravager  
  145  7:14  Overlord  
  145  7:15  Overseer  
  146  7:16  Extractor  
  146  7:20  Ravager x4  
  146  7:21  Roach  
  151  7:27  Roach x5, Ravager x2  
  151  7:28  Roach x2  
  151  7:29  Overlord  
  167  7:31  Ravager  
  167  7:35  Drone  
  167  7:36  Roach, Infestation Pit  
  170  7:41  Queen  
  170  7:42  Roach x2  
  176  7:44  Overlord  
  176  7:48  Overlord  
  176  7:51  Roach x2  
  176  7:52  Roach x2  
  176  7:55  Overlord  
  184  8:08  Roach x8  
  184  8:11  Roach x2  
  184  8:19  Roach x4  
  186  8:20  Overseer  
  186  8:26  Hive  
  178  8:28  Roach  
  178  8:29  Roach x2  
  178  8:32  Ravager x3  
  187  8:39  Ravager x2  
  187  8:40  Roach x3  
  191  8:45  Drone x4  
  195  8:54  Roach x7  
  197  9:01  Zerg Ground Armor Level 2  
  197  9:05  Extractor  
  196  9:10  Overseer  
  196  9:13  Roach  
  196  9:14  Roach  
  194  9:43  Burrow  
  194  9:44  Viper x2  
  200  9:45  Zerg Missile Weapons Level 3  
  200  9:51  Overseer x2  
  200  9:59  Hatchery  
  199  10:08  Overseer  
  199  10:18  Viper  
  198  10:24  Hydralisk Den  
  193  10:37  Drone x4  
  193  10:40  Viper x2  
  198  10:45  Overseer  
  140  11:04  Drone x2  
  140  11:05  Drone x3  
  140  11:06  Roach  
  140  11:07  Roach x32  
  140  11:08  Roach  
  183  11:12  Roach  
  183  11:13  Roach x6  
  183  11:16  Ravager  
  196  11:19  Roach  
  196  11:22  Overlord x2  
  196  11:25  Ravager, Spore Crawler  
  197  11:29  Overseer x3  
  198  11:34  Ravager x2  
  198  11:48  Roach x18  
  196  11:57  Roach x2  
  200  12:13  Overseer  
  200  12:18  Overseer  
  188  12:30  Roach x7  
Show
View Real Time Build Order
Export as new Build Order

Serral Zerg 

Build Orders: Hatch First, Lurkers, Roach Hydra 

Get SALT Encoding   

  12  0:00  Drone  
  13  0:12  Overlord  
  13  0:17  Drone  
  14  0:31  Drone x2  
  16  0:47  Hatchery  
  15  0:51  Drone  
  15  0:54  Drone  
  17  0:58  Drone  
  18  1:08  Extractor  
  17  1:13  Spawning Pool  
  17  1:16  Drone  
  17  1:20  Drone  
  18  1:28  Drone  
  19  1:38  Drone  
  20  1:49  Drone  
  21  1:59  Overlord  
  21  2:00  Queen x2, Zergling x2  
  26  2:10  Drone x2  
  28  2:22  Drone x2  
  30  2:32  Hatchery  
  30  2:35  Drone  
  30  2:38  Drone  
  31  2:44  Drone  
  31  2:45  Overlord  
  31  2:51  Evolution Chamber  
  31  2:53  Drone x2  
  32  3:04  Drone x2  
  34  3:07  Drone  
  34  3:08  Drone  
  34  3:09  Drone x4  
  40  3:16  Overlord  
  40  3:17  Zerg Missile Weapons Level 1  
  40  3:21  Roach Warren  
  40  3:24  Drone  
  40  3:27  Drone  
  41  3:29  Drone  
  41  3:30  Extractor  
  41  3:31  Extractor  
  40  3:36  Lair  
  40  3:37  Drone  
  40  3:39  Drone x2  
  43  3:42  Drone x2  
  43  3:45  Drone  
  43  3:46  Drone  
  47  3:49  Overlord  
  47  3:53  Drone  
  48  3:56  Overlord  
  48  4:02  Roach x2  
  52  4:03  Zergling x2  
  52  4:08  Roach  
  52  4:09  Roach  
  57  4:14  Queen  
  57  4:16  Drone x3  
  62  4:17  Drone  
  62  4:20  Drone  
  64  4:25  Overlord  
  64  4:27  Roach, Drone  
  64  4:30  Overlord  
  67  4:32  Roach  
  67  4:33  Roach  
  67  4:36  Glial Reconstitution  
  71  4:39  Overseer  
  71  4:40  Overlord  
  71  4:47  Drone x3  
  71  4:48  Drone x3  
  77  4:54  Drone x4  
  77  4:57  Overlord  
  81  5:06  Queen x2  
  84  5:08  Queen  
  84  5:10  Roach  
  84  5:11  Roach  
  84  5:13  Roach, Extractor  
  91  5:15  Roach  
  91  5:18  Roach  
  97  5:21  Overlord  
  97  5:22  Roach  
  99  5:29  Spore Crawler  
  99  5:30  Drone, Spore Crawler x2  
  99  5:33  Zerg Missile Weapons Level 2, Hydralisk Den  
  99  5:35  Drone  
  97  5:38  Drone x2  
  97  5:40  Drone x4  
  97  5:42  Extractor  
  100  5:44  Overlord  
  100  5:45  Overlord  
  100  5:51  Extractor, Drone  
  100  5:52  Spore Crawler  
  100  5:54  Drone  
  100  5:55  Pneumatized Carapace  
  100  5:59  Drone x4  
  100  6:00  Drone x2  
  100  6:02  Overlord  
  106  6:05  Overseer  
  106  6:06  Muscular Augments  
  106  6:12  Overlord, Lurker Den  
  106  6:15  Roach  
  106  6:16  Roach x2  
  111  6:22  Overlord  
  111  6:29  Overlord  
  111  6:30  Infestation Pit  
  111  6:31  Drone  
  111  6:32  Roach x3  
  119  6:33  Roach x4  
  119  6:35  Overlord  
  125  6:40  Overlord  
  125  6:44  Hydralisk x3  
  131  6:55  Hydralisk x3  
  131  6:58  Overseer  
  136  7:04  Drone  
  137  7:09  Drone  
  137  7:10  Overlord x3  
  137  7:12  Lurker  
  139  7:17  Hive, Hatchery  
  139  7:18  Spore Crawler  
  137  7:26  Lurker x3  
  137  7:27  Overlord  
  140  7:35  Drone  
  140  7:36  Drone x7  
  148  7:39  Drone, Grooved Spines  
  148  7:42  Spore Crawler  
  148  7:44  Overlord  
  148  7:49  Hydralisk x5  
  158  7:56  Overlord  
  157  7:58  Extractor  
  157  8:04  Extractor  
  147  8:07  Hydralisk x2  
  147  8:08  Roach x6  
  147  8:09  Roach  
  155  8:19  Roach x5  
  154  8:25  Roach x2  
  152  8:30  Ravager  
  152  8:33  Roach x3  
  155  8:38  Ravager  
  155  8:41  Lurker  
  155  8:43  Hydralisk  
  155  8:44  Roach x2  
  161  8:55  Hydralisk  
  149  8:56  Roach x4  
  159  9:03  Roach x2  
  163  9:15  Roach x2  
  163  9:16  Hatchery  
  162  9:23  Seismic Spines  
  157  9:37  Lurker x3  
  160  9:38  Overlord  
  160  9:39  Overlord  
  160  9:47  Hatchery  
  160  9:48  Hydralisk  
  160  9:51  Overlord x4  
  159  9:53  Drone  
  160  10:05  Lurker  
  160  10:06  Lurker x2  
  163  10:13  Lurker  
  163  10:15  Roach x2  
  163  10:16  Roach x5  
  177  10:22  Hydralisk  
  179  10:34  Adaptive Talons  
  179  10:42  Hydralisk x2  
  175  10:50  Extractor  
  175  10:55  Hydralisk  
  175  10:56  Roach x8  
  159  11:05  Drone x2  
  159  11:09  Hydralisk x4  
  155  11:13  Extractor  
  150  11:21  Hydralisk x5  
  150  11:23  Drone x3  
  163  11:45  Hatchery  
  159  11:51  Hydralisk x2  
  159  11:52  Roach x2, Hydralisk  
  159  11:53  Roach x3  
  175  12:02  Viper  
  175  12:06  Spore Crawler  
  175  12:07  Spore Crawler, Hydralisk x3  
  182  12:13  Roach x8  
  182  12:15  Overseer  
  194  12:22  Hydralisk x2  
  184  12:23  Roach x2  
Tags
 
Add a new tag
Caveats
  • Supply blocks, unpowered buildings, or Contaminate may cause inaccurate times.
  • Supply counts are checked every 10 seconds.